 Dungeon Crawl Stone Soup version 0.23.2-11-gf996548c65 (webtiles) character file.

Game seed: 8628646737816703461

35 MalarOregon the Ruffian (level 3, -2/30 HPs)
             Began as a Ghoul Warper on June 4, 2019.
             Slain by an adder (4 damage)
             ... on level 2 of the Dungeon.
             The game lasted 00:01:33 (804 turns).

MalarOregon the Ruffian (Ghoul Warper)               Turns: 804, Time: 00:01:33

Health: -2/30      AC:  3    Str: 14    XL:     3   Next: 35%
Magic:  5/5        EV: 11    Int:  9    God:
Gold:   60         SH:  0    Dex:  8    Spells: 6/6 levels left

rFire    . . .     SeeInvis .     - Unarmed
rCold    + . .     Gourm    .   (no shield)
rNeg     + + +     Faith    .   a - +0 leather armour
rPois    ∞         Spirit   .   (no helmet)
rElec    .         Reflect  .   (no cloak)
rCorr    .         Harm     .   (no gloves)
MR       .....                  (no boots)
Stlth    +.........             (no amulet)
HPRegen  0.00/turn              (no ring)
MPRegen  0.09/turn              (no ring)

@: rotting
A: rotting body, claws 1, carnivore, cold resistance 1, negative energy
resistance 3, inhibited regeneration, torment resistance, unbreathing
a: no special abilities


You were on level 2 of the Dungeon.
You were not hungry.

You visited 1 branch of the dungeon, and saw 2 of its levels.

You collected 60 gold pieces.

Inventory:

Missiles
 d - 5 tomahawks of dispersal (quivered) {!f}
 f - 4 javelins
 g - 40 stones
 i - 13 poisoned needles
 j - 11 arrows
Armour
 a - a +0 leather armour (worn)
Scrolls
 c - 2 scrolls of blinking
Potions
 h - a potion of cancellation {unknown}
Comestibles
 e - a ration {!d}


   Skills:
 + Level 2.5 Fighting
 + Level 1.2 Throwing
 + Level 1.1 Armour
 + Level 2.0 Dodging
 * Level 3.0 Unarmed Combat
 - Level 2.0 Spellcasting
   Level 2.6 Translocations


You had 6 spell levels left.
You didn't know any spells.
Your spell library contained the following spells:

 Spells                   Type           Power        Failure   Level  Hunger
 Blink                    Tloc           N/A          21%         2    ###....
 Shroud of Golubria       Chrm/Tloc      #.........   34%         2    ###....
 Gell's Gravitas          Tloc           #.........   38%         3    ####...
 Lesser Beckoning         Tloc           #.........   38%         3    ####...
 Teleport Other           Tloc           #.......     38%         3    ####...
 Passage of Golubria      Tloc           N/A          80%         4    #####..


Dungeon Overview and Level Annotations

Branches:
Dungeon (2/15)

Altars:


Innate Abilities, Weirdness & Mutations

Your body is rotting away.
You thrive on raw meat.
You are immune to poison.
You have sharp fingernails.
You are carnivorous and can eat meat at any time.
Your flesh is cold resistant. (rC+)
You are immune to negative energy. (rN+++)
You do not regenerate when monsters are visible.
You are immune to unholy pain and torment.
You can survive without breathing.


Message History

Done exploring.
Done exploring.
Done exploring.
There is an escape hatch in the floor here.
There is an open door here.
There is a stone staircase leading down here.
You climb downwards.
Found a stone staircase leading up.
There is a stone staircase leading up here.
A frilled lizard comes into view.
The frilled lizard hisses angrily.
A frilled lizard is nearby!
A frilled lizard is nearby!
The frilled lizard misses you.
You closely miss the frilled lizard. The frilled lizard bites you.
You closely miss the frilled lizard. The frilled lizard barely misses you.
You claw the frilled lizard!
You kill the frilled lizard!
Your Unarmed Combat skill increases to level 3!
Found a stone staircase leading down.
A kobold comes into view. It is wielding a +0 whip.
The kobold shouts!
You hear an angry hiss.
An adder comes into view.
Found 21 stones and a dagger.
You miss the kobold. The kobold barely misses you.
You claw the kobold!
You kill the kobold!
You see here a +0 whip.
The adder barely misses you.
You scratch the adder. The adder barely misses you.
The adder bites you but does no damage.
You scratch the adder. The adder bites you.
You closely miss the adder. The adder barely misses you.
You closely miss the adder. The adder bites you.
You scratch the adder. The adder misses you.
The adder bites you but does no damage.
You miss the adder. The adder misses you.
You barely miss the adder. The adder bites you.
You barely miss the adder. The adder bites you.
You miss the adder. The adder bites you.
* * * LOW HITPOINT WARNING * * *
You scratch the adder. The adder bites you but does no damage.
The adder bites you.
* * * LOW HITPOINT WARNING * * *
You closely miss the adder. The adder bites you but does no damage.
You miss the adder. The adder bites you.
* * * LOW HITPOINT WARNING * * *
You closely miss the adder. The adder bites you but does no damage.
The adder bites you.
You die...

#.#####
#.....######
##......#
#...###.###
#<...<#...#
.#########.#
.(...>.....#
##.....)####
.......@...#
###...S..#.#
#.....## ..
#.).... #.#
#...... #
#......#
#.....##
##....#


You could see an adder.

Vanquished Creatures
  2 dart slugs (D:1)
  3 leopard geckos (D:1)
  A ball python (D:1)
  3 goblins (D:1)
  5 hobgoblins (D:1)
  4 bats (D:1)
  A frilled lizard (D:2)
  6 kobolds
  3 rats (D:1)
28 creatures vanquished.

Notes
Turn   | Place    | Note
-------+----------+-------------------------------------------
     0 | D:1      | MalarOregon the Ghoul Warper began the quest for the Orb.
     0 | D:1      | Reached XP level 1. HP: 17/17 MP: 2/2
    60 | D:1      | Reached skill level 1 in Throwing
    60 | D:1      | Reached skill level 1 in Armour
    91 | D:1      | Reached XP level 2. HP: 13/25 MP: 3/3
   381 | D:1      | Reached XP level 3. HP: 19/30 MP: 4/4
   780 | D:2      | Reached skill level 3 in Unarmed Combat
   804 | D:2      | Slain by an adder

Skill      XL: |  1  2  3 |
---------------+----------+-----
Throwing       | 1 |  1.2
Armour         | 1 |  1.1
Dodging        | 2 |  2.0
Spellcasting   | 2 |  2.0
Unarmed Combat | 3 |  3.0
Fighting       | |  2.5
Translocations | |  2.6

Action                   || total
-------------------------++-------
Melee: Unarmed           ||   109
       Punch             ||     1
  Eat: Chunk             ||    13
Armor: Leather armour    ||    33
Dodge: Dodged            ||    83
